| TOP OF THE 1ST |
|
Brockton Rox batting - Pitching for Niagara Falls Phantoms : LHP Daniel Fagan
|
|
Pitching: LHP Daniel Fagan
|
|
|
Batting: LHB Darby Starburster
|
0-0: Ball 1-0: Ball 2-0: Ball 3-0: Called Strike 3-1: Foul Ball, location: 2F 3-2: Strikes out swinging
|
|
Batting: RHB Panam Palmer
|
0-0: Ball 1-0: Ball 2-0: Ball 3-0: Base on Balls
|
|
Batting: RHB Bob Reichley
|
0-0: Swinging Strike 0-1: Ball 1-1: Fielders Choice at 2nd, 6-4 (Groundball, 6, EV 87.5 MPH)
|
|
Batting: LHB Eric Gaugler
|
0-0: Called Strike 0-1: Ground out 4-3 (Groundball, 34, EV 106.9 MPH)
|
| Top of the 1st over - 0 runs, 0 hits, 0 errors, 1 left on base; Brockton 0 - Niagara Falls 0 |
| BOTTOM OF THE 1ST |
|
Niagara Falls Phantoms batting - Pitching for Brockton Rox : RHP Johnny Lucero
|
|
Pitching: RHP Johnny Lucero
|
|
|
Batting: RHB Alfredo Mendez
|
0-0: Ball 1-0: Fly out, F9 (Line Drive, 9S, EV 89.4 MPH)
|
|
Batting: SHB Bruce Shelton
|
0-0: Ball 1-0: Called Strike 1-1: Ball 2-1: Foul Ball, location: 2F 2-2: Ball 3-2: Foul Ball, location: 2F 3-2: Base on Balls
|
|
Batting: RHB Jonathan Feldstein
|
0-0: Ball 1-0: Fielders Choice at 2nd, 1-4 (Groundball, 25, EV 69.4 MPH)
|
|
Batting: RHB Scott Cuff
|
0-0: Ball 1-0: Foul Ball, location: 2F 1-1: Called Strike 1-2: Strikes out swinging
|
| Bottom of the 1st over - 0 runs, 0 hits, 0 errors, 1 left on base; Brockton 0 - Niagara Falls 0 |
| TOP OF THE 2ND |
|
Brockton Rox batting - Pitching for Niagara Falls Phantoms : LHP Daniel Fagan
|
|
Batting: RHB Matt Walker
|
0-0: Foul Ball, location: 2F 0-1: Swinging Strike 0-2: Foul Ball, location: 2F 0-2: Ball 1-2: Ball 2-2: Strikes out swinging
|
|
Batting: RHB Jose Blocker
|
0-0: Ball 1-0: Ball 2-0: Called Strike 2-1: Foul Ball, location: 2F 2-2: Strikes out swinging
|
|
Batting: RHB Wayne Whimster
|
0-0: Fly out, F3 (Popup, 23F, EV 89.4 MPH)
|
| Top of the 2nd over - 0 runs, 0 hits, 0 errors, 0 left on base; Brockton 0 - Niagara Falls 0 |
| BOTTOM OF THE 2ND |
|
Niagara Falls Phantoms batting - Pitching for Brockton Rox : RHP Johnny Lucero
|
|
Batting: RHB Bailey Hays
|
0-0: Fly out, F8 (Flyball, 8RD, EV 91.2 MPH)
|
|
Batting: RHB Jim O'Dwyer
|
0-0: Ball 1-0: Ball 2-0: Ball 3-0: Swinging Strike 3-1: Foul Ball, location: 2F 3-2: Strikes out swinging
|
|
Batting: LHB Rip Log
|
0-0: Ball 1-0: Called Strike 1-1: Called Strike 1-2: Ball 2-2: Foul Ball, location: 2F 2-2: Foul Ball, location: 2F 2-2: Strikes out swinging
|
| Bottom of the 2nd over - 0 runs, 0 hits, 0 errors, 0 left on base; Brockton 0 - Niagara Falls 0 |
| TOP OF THE 3RD |
|
Brockton Rox batting - Pitching for Niagara Falls Phantoms : LHP Daniel Fagan
|
|
Batting: RHB Joe Lewis
|
0-0: Ball 1-0: Foul Ball, location: 2F 1-1: Foul Ball, location: 2F 1-2: Foul Ball, location: 2F 1-2: Ball 2-2: Strikes out swinging
|
|
Batting: RHB Wu-sheng Zi
|
0-0: Ground out 4-3 (Groundball, 4, EV 108.1 MPH)
|
|
Batting: LHB Darby Starburster
|
0-0: Foul Ball, location: 2F 0-1: Ground out 4-3 (Groundball, 4M, EV 81.9 MPH)
|
| Top of the 3rd over - 0 runs, 0 hits, 0 errors, 0 left on base; Brockton 0 - Niagara Falls 0 |
| BOTTOM OF THE 3RD |
|
Niagara Falls Phantoms batting - Pitching for Brockton Rox : RHP Johnny Lucero
|
|
Batting: LHB Dave Ortiz
|
0-0: Ball 1-0: Called Strike 1-1: Ball 2-1: Foul Ball, location: 2F 2-2: Foul Ball, location: 2F 2-2: Strikes out swinging
|
|
Batting: RHB Juan Perez
|
0-0: Called Strike 0-1: Ball 1-1: Ground out 6-3 (Groundball, 6, EV 106.9 MPH)
|
|
Batting: RHB Alfredo Mendez
|
0-0: Ball 1-0: Swinging Strike 1-1: Ball 2-1: Ball 3-1: SOLO HOME RUN (Line Drive, 78XD, EV 110.6 MPH), Distance : 446 ft
|
|
Batting: SHB Bruce Shelton
|
0-0: Called Strike 0-1: Foul Ball, location: 2F 0-2: Ball 1-2: Ball 2-2: Strikes out swinging
|
| Bottom of the 3rd over - 1 run, 1 hit, 0 errors, 0 left on base; Brockton 0 - Niagara Falls 1 |
| TOP OF THE 4TH |
|
Brockton Rox batting - Pitching for Niagara Falls Phantoms : LHP Daniel Fagan
|
|
Batting: RHB Panam Palmer
|
0-0: Ball 1-0: Ball 2-0: Ball 3-0: Called Strike 3-1: Fly out, F7 (Flyball, 78S, EV 78.8 MPH)
|
|
Batting: RHB Bob Reichley
|
0-0: Called Strike 0-1: Ball 1-1: Ball 2-1: Foul Ball, location: 2F 2-2: Ball 3-2: Foul Ball, location: 2F 3-2: Foul Ball, location: 2F 3-2: Strikes out swinging
|
|
Batting: LHB Eric Gaugler
|
0-0: Swinging Strike 0-1: Foul Ball, location: 2F 0-2: Ball 1-2: Strikes out swinging
|
| Top of the 4th over - 0 runs, 0 hits, 0 errors, 0 left on base; Brockton 0 - Niagara Falls 1 |
| BOTTOM OF THE 4TH |
|
Niagara Falls Phantoms batting - Pitching for Brockton Rox : RHP Johnny Lucero
|
|
Batting: RHB Jonathan Feldstein
|
0-0: Ball 1-0: SOLO HOME RUN (Flyball, 7D, EV 96.9 MPH), Distance : 372 ft
|
|
Batting: RHB Scott Cuff
|
0-0: Called Strike 0-1: Ball 1-1: Called Strike 1-2: Strikes out swinging
|
|
Batting: RHB Bailey Hays
|
0-0: Called Strike 0-1: Ground out 4-3 (Groundball, 4M, EV 101.2 MPH)
|
|
Now at 2B: Joe Lewis
|
|
|
Now at 3B: Jose Santiago
|
|
|
Batting: RHB Jim O'Dwyer
|
0-0: Ball 1-0: Called Strike 1-1: Called Strike 1-2: Fly out, F7 (Flyball, 7LSF, EV 91.9 MPH)
|
| Bottom of the 4th over - 1 run, 1 hit, 0 errors, 0 left on base; Brockton 0 - Niagara Falls 2 |
| TOP OF THE 5TH |
|
Brockton Rox batting - Pitching for Niagara Falls Phantoms : LHP Daniel Fagan
|
|
Batting: SHB Jose Santiago
|
0-0: Fly out, F9 (Flyball, 9LD, EV 101.2 MPH)
|
|
Batting: RHB Jose Blocker
|
0-0: Called Strike 0-1: Called Strike 0-2: Ball 1-2: Ball 2-2: Ball 3-2: Strikes out swinging
|
|
Batting: RHB Wayne Whimster
|
0-0: Called Strike 0-1: Called Strike 0-2: Strikes out swinging
|
| Top of the 5th over - 0 runs, 0 hits, 0 errors, 0 left on base; Brockton 0 - Niagara Falls 2 |
| BOTTOM OF THE 5TH |
|
Niagara Falls Phantoms batting - Pitching for Brockton Rox : RHP Johnny Lucero
|
|
Batting: LHB Rip Log
|
0-0: Called Strike 0-1: Ground out U3 (Groundball, 34, EV 76.2 MPH)
|
|
Batting: LHB Dave Ortiz
|
0-0: Reached on error, E4 (Groundball, 34D, EV 86.2 MPH)
|
|
Batting: RHB Juan Perez
|
0-0: Called Strike 0-1: Foul Ball, location: 2F 0-2: Ball 1-2: Strikes out swinging
|
|
Batting: RHB Alfredo Mendez
|
0-0: Called Strike 0-1: Swinging Strike 0-2: Strikes out swinging
|
| Bottom of the 5th over - 0 runs, 0 hits, 1 error, 1 left on base; Brockton 0 - Niagara Falls 2 |
| TOP OF THE 6TH |
|
Brockton Rox batting - Pitching for Niagara Falls Phantoms : LHP Daniel Fagan
|
|
Batting: RHB Joe Lewis
|
0-0: Ground out 6-3 (Groundball, 6, EV 83.1 MPH)
|
|
Batting: RHB Wu-sheng Zi
|
0-0: Ball 1-0: Swinging Strike 1-1: Fly out, F8 (Flyball, 8RM, EV 86.9 MPH)
|
|
Batting: LHB Darby Starburster
|
0-0: Ball 1-0: Ball 2-0: Fly out, F9 (Flyball, 89D, EV 79.4 MPH)
|
| Top of the 6th over - 0 runs, 0 hits, 0 errors, 0 left on base; Brockton 0 - Niagara Falls 2 |
| BOTTOM OF THE 6TH |
|
Niagara Falls Phantoms batting - Pitching for Brockton Rox : RHP Johnny Lucero
|
|
Batting: SHB Bruce Shelton
|
0-0: Ball 1-0: Ball 2-0: Called Strike 2-1: Swinging Strike 2-2: Strikes out swinging
|
|
Batting: RHB Jonathan Feldstein
|
0-0: Ball 1-0: Ball 2-0: Foul Ball, location: 2F 2-1: Foul Ball, location: 2F 2-2: Ball 3-2: Foul Ball, location: 2F 3-2: Strikes out swinging
|
|
Batting: RHB Scott Cuff
|
0-0: Swinging Strike 0-1: Called Strike 0-2: Ball 1-2: Ball 2-2: Foul Ball, location: 2F 2-2: Strikes out swinging
|
| Bottom of the 6th over - 0 runs, 0 hits, 0 errors, 0 left on base; Brockton 0 - Niagara Falls 2 |
| TOP OF THE 7TH |
|
Brockton Rox batting - Pitching for Niagara Falls Phantoms : LHP Daniel Fagan
|
|
Batting: RHB Panam Palmer
|
0-0: SINGLE (Groundball, 4M, EV 97.5 MPH) (infield hit)
|
|
Batting: RHB Bob Reichley
|
0-0: Ball 1-0: Fly out, F8 (Flyball, 8RD, EV 99.4 MPH)
|
|
Batting: LHB Eric Gaugler
|
0-0: Ball 1-0: Foul Ball, location: 2F 1-1: Ball 2-1: Fielders Choice at 2nd, 4-6 (Groundball, 34S, EV 83.8 MPH)
|
|
Batting: SHB Jose Santiago
|
0-0: Called Strike 0-1: Ball 1-1: Ball 2-1: Ball 3-1: Fly out, F9 (Flyball, 89M, EV 86.2 MPH)
|
| Top of the 7th over - 0 runs, 1 hit, 0 errors, 1 left on base; Brockton 0 - Niagara Falls 2 |
| BOTTOM OF THE 7TH |
|
Niagara Falls Phantoms batting - Pitching for Brockton Rox : RHP Johnny Lucero
|
|
Pitching: LHP Luis Izquierdo
|
|
|
Batting: RHB Bailey Hays
|
0-0: Swinging Strike 0-1: Ball 1-1: Foul Ball, location: 2F 1-2: Foul Ball, location: 2F 1-2: Foul Ball, location: 2F 1-2: Strikes out swinging
|
|
Batting: RHB Jim O'Dwyer
|
0-0: Called Strike 0-1: Foul Ball, location: 2F 0-2: Ball 1-2: Ball 2-2: Ball 3-2: Base on Balls
|
|
Pinch Hitting: RHB Jose Villanueva
|
0-0: Foul Ball, location: 2F 0-1: Ball 1-1: Ball 2-1: Fly out, F6 (Popup, 6, EV 54.4 MPH)
|
|
Batting: LHB Dave Ortiz
|
0-0: Called Strike 0-1: Called Strike 0-2: Fly out, F8 (Flyball, 8LD, EV 104.4 MPH)
|
| Bottom of the 7th over - 0 runs, 0 hits, 0 errors, 1 left on base; Brockton 0 - Niagara Falls 2 |
| TOP OF THE 8TH |
|
Brockton Rox batting - Pitching for Niagara Falls Phantoms : LHP Daniel Fagan
|
|
Now in RF: Victor Reyna
|
|
|
Pinch Hitting: RHB Eric McClelland
|
0-0: Called Strike 0-1: Foul Ball, location: 2F 0-2: Ball 1-2: Foul Ball, location: 2F 1-2: Strikes out swinging
|
|
Batting: RHB Wayne Whimster
|
0-0: Swinging Strike 0-1: Swinging Strike 0-2: Strikes out swinging
|
|
Pinch Hitting: LHB Kenny Jackson
|
0-0: Ball 1-0: Called Strike 1-1: Fly out, F8 (Line Drive, 8RS, EV 103.8 MPH)
|
| Top of the 8th over - 0 runs, 0 hits, 0 errors, 0 left on base; Brockton 0 - Niagara Falls 2 |
| BOTTOM OF THE 8TH |
|
Niagara Falls Phantoms batting - Pitching for Brockton Rox : LHP Luis Izquierdo
|
|
Now at 1B: Eric McClelland
|
|
|
Now at 2B: Kenny Jackson
|
|
|
Batting: RHB Juan Perez
|
0-0: Called Strike 0-1: Called Strike 0-2: Ball 1-2: Strikes out swinging
|
|
Batting: RHB Alfredo Mendez
|
0-0: Ball 1-0: Foul Ball, location: 2F 1-1: Foul Ball, location: 2F 1-2: Strikes out swinging
|
|
Batting: SHB Bruce Shelton
|
0-0: Ball 1-0: Called Strike 1-1: SINGLE (Groundball, 6MD, EV 100.0 MPH)
|
|
Pitching: RHP Steve Seaman
|
|
|
Batting: RHB Jonathan Feldstein
|
0-0: Ball 1-0: Ball 2-0: Called Strike 2-1: Ball 3-1: Foul Ball, location: 2F 3-2: SINGLE (Groundball, 6MD, EV 103.1 MPH) Bruce Shelton to second Bruce Shelton to third
|
|
Batting: LHB Luis Ponce
|
0-0: Ball 1-0: Ball 2-0: Ball 3-0: Base on Balls Jonathan Feldstein to second
|
|
Pinch Hitting: RHB Todd Wolters
|
0-0: Ball 1-0: SINGLE (Groundball, 4M, EV 105.6 MPH) (infield hit) Bruce Shelton scores Jonathan Feldstein to third Luis Ponce to second
|
|
Batting: RHB Jim O'Dwyer
|
0-0: Ball 1-0: Foul Ball, location: 2F 1-1: Swinging Strike 1-2: Strikes out swinging
|
| Bottom of the 8th over - 1 run, 3 hits, 0 errors, 3 left on base; Brockton 0 - Niagara Falls 3 |
| TOP OF THE 9TH |
|
Brockton Rox batting - Pitching for Niagara Falls Phantoms : LHP Daniel Fagan
|
|
Pitching: RHP Lucas Uil
|
|
|
Now in LF: Hui Li
|
|
|
Now in RF: Victor Reyna
|
|
|
Batting: RHB Ryan Davis
|
0-0: Swinging Strike 0-1: Called Strike 0-2: Ball 1-2: Ball 2-2: Foul Ball, location: 2F 2-2: Strikes out swinging
|
|
Pinch Hitting: SHB Mel Gonzalez
|
0-0: Ball 1-0: Called Strike 1-1: Foul Ball, location: 2F 1-2: SINGLE (Groundball, 4MD, EV 95.0 MPH)
|
|
Batting: RHB Panam Palmer
|
0-0: Ball 1-0: Ball 2-0: Ball 3-0: Called Strike 3-1: Base on Balls Mel Gonzalez to second
|
|
Batting: RHB Bob Reichley
|
0-0: Called Strike 0-1: Fielders Choice at 2nd, 4-6 (Groundball, 34, EV 85.0 MPH) Mel Gonzalez to third
|
|
Batting: LHB Eric Gaugler
|
0-0: Foul Ball, location: 2F 0-1: Ball 1-1: Ball 2-1: Called Strike 2-2: Foul Ball, location: 2F 2-2: Ball 3-2: Base on Balls Bob Reichley to second
|
|
Batting: SHB Jose Santiago
|
0-0: Ground out 6-3 (Groundball, 6M, EV 86.9 MPH)
|
| Top of the 9th over - 0 runs, 1 hit, 0 errors, 3 left on base; Brockton 0 - Niagara Falls 3 |
|